 Dungeon Crawl Stone Soup version 0.30-a0-1114-gd936c97349 (webtiles) character file.

Game seed: 4653778212332894132

10 thug444 the Chiller (level 2, -4/20 HPs)
             Began as a Ghoul Ice Elementalist on Apr 14, 2023.
             Slain by a worm (5 damage)
             ... on level 2 of the Dungeon on Apr 20, 2023.
             The game lasted 00:18:23 (650 turns).

thug444 the Chiller (Ghoul Ice Elementalist)         Turns: 650, Time: 00:18:23

Health: -4/20      AC:  3    Str: 11    XL:     2   Next: 20%
Magic:  1/3        EV: 12    Int: 10    God:
Gold:   10         SH:  0    Dex:  9    Spells: 3/4 levels left

rFire   x . .      SeeInvis .    (no weapon)
rCold   + + .      Faith    .    (no shield)
rNeg    + + +      Spirit   .    a - +0 robe
rPois   ∞          Reflect  .    (no helmet)
rElec   .          Rampage  .    (no cloak)
rCorr   .                        (no gloves)
Will    .....                    d - +0 pair of boots
Stlth   ++                       (no amulet)
HPRegen 0.00/turn                f - ring of ice
MPRegen 0.08/turn                (no ring)

@: mighty, flying, inhibited regen
A: claws 1, cold resistance 1, negative energy resistance 3, inhibited
regeneration, torment resistance 2, devour on kill
a: no special abilities


You were on level 2 of the Dungeon.
You visited 1 branch of the dungeon, and saw 2 of its levels.

You collected 10 gold pieces.

Inventory:

Hand Weapons
 c - a +0 dagger
 j - a +0 vampiric short sword
Armour
 a - a +0 robe (worn)
 d - a +0 pair of boots (worn)
Jewellery
 f - a ring of ice (left claw)
Potions
 k - a potion of lignification {unknown}


   Skills:
 + Level 1.8 Dodging
 - Level 2.1 Stealth
 * Level 0.9 Unarmed Combat
 * Level 1.8 Spellcasting
 * Level 4.7 Ice Magic


You had 3 spell levels left.
You knew the following spells:

 Your Spells              Type           Power      Damage    Failure   Level
a - Freeze                Ice            60%        1d7       4%          1

Your spell library contained the following spells:

 Spells                   Type           Power      Damage    Failure   Level
 Frozen Ramparts          Ice            30%        1d5       14%         3
 Ozocubu's Armour         Ice            15%        N/A       14%         3
 Summon Ice Beast         Ice/Summ       8%         N/A       77%         4


Dungeon Overview and Level Annotations

Branches:
Dungeon (2/15)

Altars:


Innate Abilities, Weirdness & Mutations

You are immune to poison.
You have sharp fingernails.
Your flesh is cold resistant. (rC+)
You are immune to negative energy. (rN+++)
You do not regenerate when monsters are visible.
You are immune to unholy pain and torment.
You thrive by killing the living.


Message History

Casting: Freeze (safe; 4% risk of failure)
Confirm with . or Enter, or press ? or * to list all spells.
Aiming: Freeze (safe; 4% risk of failure)
Press: ? - help, Shift-Dir - straight line, f/p - worm
Aim: a worm (severely wounded)
You feel a surge of power!
You freeze the worm.
The worm is almost dead.
The ball python bites you. The ball python constricts you.
You scratch the worm but do no damage.
The worm is almost dead.
The ball python barely misses you. The ball python constricts you.
The worm barely misses you.
Casting: Freeze (safe; 4% risk of failure)
Confirm with . or Enter, or press ? or * to list all spells.
Aiming: Freeze (safe; 4% risk of failure)
Press: ? - help, Shift-Dir - straight line, f/p - worm
Aim: a worm (almost dead)
You feel a surge of power!
You freeze the worm.
The worm is almost dead.
The ball python bites you but does no damage.
The ball python constricts you. The worm closely misses you.
The ball python bites you but does no damage.
The ball python constricts you.
It was a potion of might.
You feel very mighty all of a sudden.
The ball python bites you but does no damage.
The ball python constricts you.
It was a potion of flight.
You feel very buoyant.
You fly up into the air.
The ball python barely misses you. The ball python constricts you.
The worm barely misses you.
You escape the ball python's grasp.
The worm bites you.
* * * LOW HITPOINT WARNING * * *
The ball python bites you.
* * * LOW HITPOINT WARNING * * *
The ball python grabs you. The ball python constricts you.
* * * LOW HITPOINT WARNING * * *
You escape the ball python's grasp.
The worm bites you.
You die...

................>.#*.#*,*,,****
........#######...##.#***,,*
........# #.......####,,*
........# #...........,,*
........# #......#####*,*
........# #.....## *,*
........# #.†...# *,* #########
#Sw...# *,* #..@..# *,****** *
###+### *,*,,,,, * *,* *,*,***,
* *,* *,*,,,*, * **,* *,*,,,*,
* **,,* *,,,,,,, * *******,,**
*****,** * *,,,,,,,,,* *,*
*,,,,,,,,,**** *,*


You could see a worm and a ball python.

Vanquished Creatures
  3 endoplasms
  2 hobgoblins
  2 jackals (D:2)
  A rat (D:1)
8 creatures vanquished.

Vanquished Creatures (others)
  A plant (D:1)
1 creature vanquished.

Grand Total: 9 creatures vanquished

Notes
Turn   | Place    | Note
-------+----------+-------------------------------------------
     0 | D:1      | thug444 the Ghoul Ice Elementalist began the quest for the
                  | Orb.
     0 | D:1      | Reached XP level 1. HP: 14/14 MP: 2/2
    16 | D:1      | Upgraded the game from 0.30-a0-1075-gcd70e7a56d to
                  | 0.30-a0-1114-gd936c97349
   526 | D:2      | Reached XP level 2. HP: 20/20 MP: 1/3
   649 | D:2      | HP: 1/20 [constriction (1)]
   650 | D:2      | Slain by a worm

Illustrated notes

Levels and vault maps discovered:
D:1:      kennysheep_arrival_seaside, layout_rooms,
          hellmonk_ecumenical_altar_leap_of_faith, minmay_door_square
D:2:      layout_basic, minmay_between

Action                     || total
---------------------------++-------
  Melee: Unarmed           ||    26
   Cast: Freeze            ||    17
    Use: Scroll            ||     4
         Potion            ||     3
 Armour: Robe              ||    18
  Dodge: Dodged            ||    41

Table legend: (Time is in decaauts)
 A = Elapsed time spent in this place.
 B = Non-inter-level travel time spent in this place.
 C = Inter-level travel time spent in this place.
 D = Time resting spent in this place.
 E = Time spent auto-exploring this place.
 F = Levels seen in this place.
 G = Mean time per level.
                   A        B        C        D        E       F      G
               +--------+--------+--------+--------+--------+-----+--------+
         Total |    649 |    631 |     18 |      0 |      4 |   2 |  324.5 |
       Dungeon |    649 |    631 |     18 |      0 |      4 |   2 |  324.5 |
               +--------+--------+--------+--------+--------+-----+--------+

Top non-repeatable levels by time:
     D:1: 446 daAuts
     D:2: 203 daAuts
